 Dungeon Crawl Stone Soup version 0.32-a0-666-ge8a88695a4 (webtiles) character file.

Game seed: 18351140090428116269

303 anonymouscript the Charlatan (level 6, -2/44 HPs)
             Began as a Coglin Artificer on Mar 9, 2024.
             Incinerated by a bombardier beetle (3 damage)
             ... with a burning spray
             ... on level 3 of the Dungeon.
             The game lasted 00:10:17 (1881 turns).

anonymouscript the Charlatan (Coglin Artificer)     Turns: 1881, Time: 00:10:17

Health: -2/44      AC:  4    Str: 13    XL:     6   Next: 38%
Magic:  6/6        EV: 12    Int: 10    God:
Gold:   92         SH:  0    Dex: 16    Spells: 5/5 levels left

rFire   . . .        E - +1 dagger (venom) {Psammuthes}
rCold   . . .        f - +0 dagger {Zihan}
rNeg    . . .        b - +0 leather armour
rPois   .            (no helmet)
rElec   .            (no cloak)
rCorr   .            n - +0 pair of gloves
SInv    .            (no boots)
Will    +....        (amulet unavailable)
Stlth   +            (ring unavailable)
HPRegen 0.27/turn    (ring unavailable)
MPRegen 0.10/turn    (no gizmo)

%: no passive effects
@: on fire, enlightened, flying, glowing, revving
A: off-hand wielding, slow wielding, warmup strikes, no jewellery
a: Invent Gizmo


You were on level 3 of the Dungeon.
You visited 1 branch of the dungeon, and saw 3 of its levels.

You collected 92 gold pieces.

Inventory:

Hand Weapons
 a - a +0 club {Tejnoor}
 f - a +0 dagger (offhand) {Zihan}
 q - a +0 club
 z - a +0 scythe {Djefatnebti}
 E - a +1 dagger of venom (weapon) {Psammuthes}
Missiles
 i - 5 poisoned darts
 r - 18 stones
Armour
 b - a +0 leather armour (worn)
 n - a +0 pair of gloves (worn)
 y - a +0 cloak
Wands
 c - a wand of flame (8) (quivered)
 d - a wand of charming (15)
 e - a wand of iceblast (2)
Scrolls
 h - 2 scrolls of fog {unknown}
 j - 5 scrolls of identify {unknown}
 k - 2 scrolls of poison {unknown}
 m - 2 scrolls of teleportation {unknown}
 p - 2 scrolls of blinking {unknown}
 u - a scroll of revelation {unknown}
 x - a scroll of noise {unknown}
 A - a scroll of vulnerability {unknown}
 B - a scroll of immolation {unknown}
 C - 2 scrolls of summoning {unknown}
Potions
 g - a potion of enlightenment
 l - a potion of might
 o - 2 potions of heal wounds {unknown}
 s - a potion of lignification {unknown}
 t - a potion of degeneration {unknown}
 v - a potion of magic {unknown}
 w - 2 potions of curing {unknown}
 D - a potion of resistance {unknown}
 F - a potion of mutation {unknown}


   Skills:
 + Level 2.1 Fighting
 + Level 1.7 Short Blades
 + Level 2.0 Maces & Flails
 + Level 0.4 Polearms
 + Level 3.0 Armour
 + Level 2.2 Dodging
 + Level 1.0 Stealth
 + Level 5.3 Evocations


You had 5 spell levels left.
You didn't know any spells.
Your spell library contained the following spells:

 Spells                   Type           Power      Damage    Failure   Level
 Inner Flame              Hex/Fire       0%         N/A       82%         3
 Irradiate                Conj/Alch      0%         3d11      100%        5
 Ignition                 Fire           0%         3d3       100%        8


Dungeon Overview and Level Annotations

Branches:
Dungeon (3/15)

Altars:
Hepliaklqana

Shops:
D:1 (


Innate Abilities, Weirdness & Mutations

You can wield a second weapon in your off-hand.
It takes a long time for you to wield or remove held weapons.
Your first few attacks do less damage.
You cannot equip rings or amulets.


Message History

The burning spray misses you.
The bombardier beetle sprays incendiary fluid at you.
The burning spray hits you.
You are covered in liquid fire!
You shake off some of the fire as you move.
The liquid fire burns you!
You shake off some of the fire as you move.
The liquid fire burns you!
The bombardier beetle sprays incendiary fluid at you.
The burning spray hits you.
You are even more covered in liquid fire!
You barely miss the bombardier beetle with your +1 dagger of venom.
The bombardier beetle is severely wounded.
You completely miss the bombardier beetle with your +0 dagger.
The liquid fire burns you!
* * * LOW HITPOINT WARNING * * *
The bombardier beetle barely misses you.
You hit the bombardier beetle but do no damage.
The bombardier beetle is severely wounded.
You closely miss the bombardier beetle with your +1 dagger of venom.
The liquid fire burns you!
* * * LOW HITPOINT WARNING * * *
You hit the bombardier beetle with your +1 dagger of venom.
The bombardier beetle is poisoned.
The bombardier beetle is severely wounded.
You hit the bombardier beetle but do no damage.
The liquid fire burns you!
* * * LOW HITPOINT WARNING * * *
You kill the bombardier beetle!
Your Maces & Flails skill increases to level 2!
Your Stealth skill increases to level 1!
You are on fire!
You shake off some of the fire as you move.
The liquid fire burns you!
* * * LOW HITPOINT WARNING * * *
It was a potion of enlightenment.
You feel very buoyant.
You fly up into the air.
The liquid fire burns you!
You die...

### .<# #.# #.#
#.#
#.#############
#####
#...@..........
...#
#.#############
##.#######.#
#........#.# ##
#..#####.#.# .#
#..#####.#.# .#
#...B......# .#
#.######...# ##
#.# #...#


There were no monsters in sight!

Vanquished Creatures
  Sigmund (D:2)
  A bombardier beetle (D:3)
  Jessica (D:2)
  3 adders
  2 ribbon worms (D:2)
  A dart slug (D:1)
  4 ball pythons
  8 bats
  6 endoplasms
  A giant cockroach (D:2)
  5 goblins
  8 hobgoblins
  2 quokkas
  3 frilled lizards
  3 kobolds
  4 rats
53 creatures vanquished.

Notes
Turn   | Place    | Note
-------+----------+-------------------------------------------
     0 | D:1      | anonymouscript the Coglin Artificer began the quest for the
                  | Orb.
     0 | D:1      | Reached XP level 1. HP: 15/15 MP: 1/1
    66 | D:1      | Reached XP level 2. HP: 12/21 MP: 2/2
   141 | D:1      | Reached skill level 1 in Dodging
   247 | D:1      | Found Miptoojo's Weapon Emporium.
   422 | D:1      | Reached XP level 3. HP: 18/26 MP: 3/3
   774 | D:2      | Noticed Jessica
   788 | D:2      | Killed Jessica
   789 | D:2      | Reached skill level 5 in Evocations
   789 | D:2      | Reached XP level 4. HP: 5/32 MP: 4/4
  1035 | D:2      | Noticed Sigmund
  1037 | D:2      | Killed Sigmund
  1038 | D:2      | Reached skill level 1 in Short Blades
  1038 | D:2      | Reached skill level 1 in Maces & Flails
  1038 | D:2      | Reached XP level 5. HP: 38/38 MP: 5/5
  1038 | D:2      | Reached XP level 6. HP: 44/44 MP: 6/6
  1808 | D:3      | Found a hazy altar of Hepliaklqana.
  1880 | D:3      | Reached skill level 1 in Stealth
  1880 | D:3      | HP: 1/44 [burnt (5)]
  1881 | D:3      | Incinerated by a bombardier beetle

Illustrated notes

Levels and vault maps discovered:
D:1:      roderic_dead_forest, layout_rooms, serial_shops, shop
D:2:      layout_loops_ring, uniq_jessica, uniq_sigmund
D:3:      layout_loops_ring, lemuel_crystal_altar, nzn_hepliaklqana_mist_gate,
          mainiacjoe_overflow_alcove_4, mainiacjoe_overflow_catwalk_spiral

Skill      XL: |  1  2  3  4  5  6 |
---------------+-------------------+-----
Dodging        | 1 2 |  2.2
Armour         | 2 3 |  3.0
Evocations     | 5 |  5.3
Fighting       | 2 |  2.1
Short Blades   | 1 |  1.7
Maces & Flails | 1 2 |  2.0
Stealth        | 1 |  1.0
Polearms       | |  0.4

Action                     |  1- 3 |  4- 6 || total
---------------------------+-------+-------++-------
  Melee: Club              |    73 |    25 ||    98
         Dagger            |    67 |    44 ||   111
         Halberd           |       |    21 ||    21
  Evoke: Wand              |     4 |     6 ||    10
    Use: Potion            |     1 |     1 ||     2
   Stab: Sleeping          |       |     2 ||     2
         Distracted        |       |     1 ||     1
 Armour: Leather armour    |    56 |    28 ||    84
  Dodge: Dodged            |    66 |    40 ||   106

Table legend: (Time is in decaauts)
 A = Elapsed time spent in this place.
 B = Non-inter-level travel time spent in this place.
 C = Inter-level travel time spent in this place.
 D = Time resting spent in this place.
 E = Time spent auto-exploring this place.
 F = Levels seen in this place.
 G = Mean time per level.
                   A        B        C        D        E       F      G
               +--------+--------+--------+--------+--------+-----+--------+
         Total |   1904 |   1847 |     57 |      0 |   1242 |   3 |  634.7 |
       Dungeon |   1904 |   1847 |     57 |      0 |   1242 |   3 |  634.7 |
               +--------+--------+--------+--------+--------+-----+--------+

Top non-repeatable levels by time:
     D:2: 961 daAuts
     D:1: 610 daAuts
     D:3: 333 daAuts
